 Dungeon Crawl Stone Soup version 0.28-a0-1190-g77e1c55843 (webtiles) character file.

Game seed: 11270910001131543700

12790 ChaosChampion the Jinx (level 11, -5/54 HPs)
             Began as a Deep Elf Conjurer on Dec 18, 2021.
             Was a Believer of Vehumet.
             Slain by a catoblepas (16 damage)
             ... while petrified by a catoblepas
             ... on level 11 of the Dungeon.
             The game lasted 00:21:37 (13494 turns).

ChaosChampion the Jinx (Deep Elf Conjurer)         Turns: 13494, Time: 00:21:38

Health: -5/54      AC:  4    Str:  4    XL:     11   Next: 67%
Magic:  5/31       EV:  2    Int: 28    God:    Vehumet [**....]
Gold:   600        SH:  0    Dex: 19    Spells: 27/38 levels left

rFire   . . .      SeeInvis .   E - staff of death
rCold   . . .      Faith    .   (no shield)
rNeg    + + +      Spirit   .   q - +1 robe of the Countless Xeniums {rElec Archmagi}
rPois   ∞          Reflect  .   (no helmet)
rElec   +          Harm     .   (no cloak)
rCorr   .          Rampage  .   (no gloves)
Will    +....      Archmagi +   J - +0 pair of boots
Stlth   ++........              D - amulet of regeneration
HPRegen 0.98/turn               l - +6 ring of dexterity
MPRegen 0.22/turn               (no ring)

@: petrified
A: no striking features
a: Renounce Religion


You were on level 11 of the Dungeon.
You worshipped Vehumet.
Vehumet was pleased with you.
You visited 1 branch of the dungeon, and saw 13 of its levels.

You collected 702 gold pieces.
You spent 102 gold pieces at shops.

Inventory:

Missiles
 C - a throwing net
Armour
 a - a +1 robe
 q - the +1 robe of the Countless Xeniums (worn) {rElec Archmagi}
   (You bought it in a shop on level 4 of the Dungeon)

   rElec:     It insulates you from electricity.
   Archmagi:  It increases the power of your magical spells.
 J - a +0 pair of boots (worn)
Magical Staves
 w - a staff of earth
 E - a staff of death (weapon)
Jewellery
 l - a +6 ring of dexterity (left hand)
 D - an amulet of regeneration (around neck)
Wands
 g - a wand of flame (1)
 n - a wand of charming (1)
 p - a wand of digging (1)
 s - a wand of polymorph (12)
 u - a wand of mindburst (28)
 y - a wand of acid (14)
 F - a wand of paralysis (13)
 G - a wand of iceblast (8)
Scrolls
 d - a scroll of brand weapon
 f - a scroll of blinking
 h - a scroll of enchant weapon
 i - a scroll of fear
 j - 3 scrolls of identify
 k - a scroll of amnesia {unknown}
 K - a scroll of enchant armour
 L - a scroll of acquirement {unknown}
Potions
 b - a potion of attraction
 c - a potion of heal wounds {unknown}
 e - 5 potions of haste {unknown}
 m - 3 potions of brilliance {unknown}
 o - 3 potions of might {unknown}
 r - 2 potions of flight {unknown}
 t - a potion of cancellation {unknown}
 x - 3 potions of degeneration {unknown}
 z - a potion of invisibility {unknown}
 A - 3 potions of curing
 B - a potion of berserk rage {unknown}
 H - a potion of ambrosia {unknown}
 I - 2 potions of magic {unknown}


   Skills:
 - Level 2.4 Dodging
 - Level 2.4 Stealth
 + Level 14.0 Spellcasting
 + Level 12.0 Conjurations
 + Level 14.6 Hexes
 - Level 3.0 Translocations


You had 27 spell levels left.
You knew the following spells:

 Your Spells              Type           Power      Damage    Failure   Level
a - Magic Dart            Conj           100%       1d8       1%          1
b - Searing Ray           Conj           100%       2d8       1%          2
c - Fulminant Prism       Conj/Hex       48%        3d21      1%          4
d - Iskenderun's Mystic   Conj/Tloc      75%        2d15      1%          4

Your spell library contained the following spells:

 Spells                   Type           Power      Damage    Failure   Level
 Scorch                   Fire           58%        2d7       4%          2
 Slow                     Hex            100%       N/A       0%          1
 Confusing Touch          Hex            100%       N/A       1%          3
 Conjure Flame            Conj/Fire      68%        6-21      1%          3
 Dazzling Flash           Conj/Hex       100%       N/A       1%          3
 Sticky Flame             Conj/Fire      68%        2d8       2%          4
 Yara's Violent Unravell  Hex/Tmut       37%        3d15      3%          5
 Frozen Ramparts          Ice            58%        1d7       8%          3
 Ignite Poison            Fire/Tmut/Pois 29%        N/A       8%          3
 Ice Form                 Ice/Tmut       29%        N/A       26%         4
 Summon Ice Beast         Ice/Summ       29%        N/A       26%         4


Dungeon Overview and Level Annotations

Branches:
Dungeon (13/15)            Temple (0/1) D:7            Lair (0/6) D:9
    Orc: D:9-12      Vaults: D:13-14

Altars:
Ashenzari
Elyvilon
Fedhas
Gozag
Kikubaaqudgha
Makhleb
Nemelex Xobeh
Okawaru
Qazlal
Sif Muna
Vehumet
Xom
Yredelemnul
Zin

Shops:
D:4 [*((

Annotations:
D:12 Azrael


Message History

Your fulminant prism explodes!
The blast of energy engulfs the catoblepas!!
The catoblepas is heavily wounded.
You see here a +0 club.
Casting: Fulminant Prism (safe; 1% risk of failure)
Confirm with . or Enter, or press ? or * to list all spells.
Aiming: Fulminant Prism (safe; 1% risk of failure)
Press: ? - help, Dir - move target You feel a surge of power!
You conjure a prism of explosive energy!
A fulminant prism comes into view.
The catoblepas breathes in.
The catoblepas breathes a plume of calcifying dust at you.
The blast of calcifying dust hits you.
Your fulminant prism crackles loudly.
Your fulminant prism explodes!
The blast of energy engulfs the catoblepas!!
The catoblepas is severely wounded.
Things that are here:
a +3 dagger of venom; a stone Really walk into that cloud of calcifying dust?
Okay, then.
The catoblepas rams the ground with its head heavily.
The catoblepas breathes a plume of calcifying dust at you.
The blast of calcifying dust hits you!
The catoblepas breathes a plume of calcifying dust at you.
The blast of calcifying dust hits you.
You are engulfed in calcifying dust.
You are slowing down.
The catoblepas breathes a plume of calcifying dust at you.
The blast of calcifying dust hits you.
You are engulfed in calcifying dust.
Your limbs are stiffening.
You have turned to stone.
The catoblepas gores you. The catoblepas gores you! The catoblepas gores you!!
The catoblepas gores you!!
* * * LOW HITPOINT WARNING * * *
The catoblepas gores you!!
You die...

### ..# #.#
#.# #.# #.#
#.# .# #@#
.... #Y# #..#
###.#####..#
#..........#
#........).#
#......)...###
#.......).)..
#........#.##
#######))!>#


You could see a catoblepas.

Vanquished Creatures
  A catoblepas (D:13)
  A centaur warrior (D:13)
  Erica (D:9)
  A two-headed ogre (D:8)
  Pikel (D:4)
  3 ugly things (D:13)
  2 manticores
  A cyclops (D:13)
  A gargoyle (D:13)
  An unseen horror (D:13)
  Grinder (D:5)
  5 shadows
  3 wraiths
  Eustachio (D:5)
  6 yaks
  A wyvern (D:8)
  A basilisk (D:12)
  4 vampire mosquitoes (D:12)
  An acid dragon (D:13)
  Edmund (D:5)
  2 water moccasins
  A hell hound (D:12)
  2 orc warriors
  2 sky beasts (D:7)
  A black bear (D:6)
  A necrophage (D:5)
  2 ogres
  2 centaurs (D:9)
  4 lemures (D:4)
  3 bullfrogs
  A kobold brigand (D:11)
  2 gnoll sergeants
  A wyvern zombie (D:5)
  3 scorpions
  12 killer bees
  8 wights
  3 howler monkeys
  A crimson imp (D:6)
  2 hounds (D:5)
  2 jellies
  2 centaur skeletons
  2 gnoll shamans
  Terence (D:3)
  2 iguanas
  2 bullfrog skeletons
  3 orc wizards
  A killer bee zombie (D:6)
  22 gnolls
  A howler monkey zombie (D:9)
  6 adders
  2 white imps
  An ufetubus (D:7)
  5 worms
  3 dart slugs
  13 orcs
  7 endoplasms
  2 giant cockroaches
  5 goblins
  6 hobgoblins
  3 jackals (D:5)
  11 kobolds
  5 quokkas
  7 ball pythons
  6 bats
  A frilled lizard (D:1)
  16 rats
  13 fulminant prisms
240 creatures vanquished.

Vanquished Creatures (others)
  98 fulminant prisms
  3 fungi (D:9)
  9 plants
  4 toadstools (D:9)
  A withered plant (D:4)
115 creatures vanquished.

Grand Total: 355 creatures vanquished

Notes
Turn   | Place    | Note
-------+----------+-------------------------------------------
     0 | D:1      | ChaosChampion the Deep Elf Conjurer began the quest for the
                  | Orb.
     0 | D:1      | Reached XP level 1. HP: 10/10 MP: 6/6
    36 | D:1      | Found a faded altar of an unknown god.
   298 | D:1      | Reached XP level 2. HP: 8/15 MP: 0/8
  1552 | D:2      | Reached XP level 3. HP: 14/19 MP: 5/10
  1967 | D:2      | Learned a level 2 spell: Searing Ray
  2328 | D:2      | Reached skill level 5 in Spellcasting
  2618 | D:3      | Reached skill level 5 in Conjurations
  2836 | D:3      | Reached XP level 4. HP: 24/24 MP: 10/13
  3049 | D:3      | Noticed Terence
  3112 | D:3      | Killed Terence
  3460 | D:3      | Learned a level 4 spell: Fulminant Prism
  3665 | D:4      | Noticed Pikel
  3665 | D:4      | Noticed a lemure
  3665 | D:4      | Noticed a lemure
  3665 | D:4      | Noticed a lemure
  3730 | D:4      | Found an ancient bone altar of Kikubaaqudgha.
  3737 | D:4      | Reached skill level 1 in Hexes
  3936 | D:4      | Found an opulent altar of Gozag.
  3957 | D:4      | Found Raekam's Antique Armour Shop.
  3989 | D:4      | Found Woimum's Antique Weapon Boutique.
  4061 | D:4      | Bought an ancient robe for 102 gold pieces
  4061 | D:4      | Identified the +1 robe of the Countless Xeniums {rElec
                  | Archmagi} (You bought it in a shop on level 4 of the
                  | Dungeon)
  4179 | D:4      | Learned a level 4 spell: Iskenderun's Mystic Blast
  4219 | D:4      | Reached XP level 5. HP: 28/28 MP: 11/15
  4370 | D:4      | Noticed a lemure
  4377 | D:4      | Killed a lemure
  4382 | D:4      | Killed a lemure
  4387 | D:4      | Killed a lemure
  4617 | D:4      | Killed a lemure
  4750 | D:4      | Found Rempin's General Store.
  4761 | D:4      | Reached skill level 1 in Translocations
  4848 | D:4      | Killed Pikel
  4849 | D:4      | Reached skill level 5 in Hexes
  4849 | D:4      | Reached XP level 6. HP: 21/32 MP: 1/17
  4849 | D:4      | Reached XP level 7. HP: 24/36 MP: 1/19
  5062 | D:4      | Found Velejomm's Antique Weapon Emporium.
  5258 | D:4      | Found a glowing silver altar of Zin.
  5376 | D:5      | Entered Level 5 of the Dungeon
  5376 | D:5      | Noticed Edmund
  5379 | D:5      | Killed Edmund
  5597 | D:5      | Noticed a shadow
  5599 | D:5      | Reached XP level 8. HP: 41/41 MP: 4/21
  5608 | D:5      | Noticed Grinder
  5859 | D:5      | Paralysed by Grinder for 7 turns
  5867 | D:5      | Killed Grinder
  6255 | D:5      | Found a blossoming altar of Fedhas.
  6342 | D:5      | Noticed Eustachio
  6572 | D:5      | Killed Eustachio
  6960 | D:5      | Found a shimmering altar of Xom.
  6961 | D:5      | Found a broken altar of Ashenzari.
  7128 | D:6      | Reached XP level 9. HP: 40/45 MP: 15/24
  7303 | D:6      | Reached skill level 10 in Hexes
  7864 | D:6      | Found a burning altar of Makhleb.
  7869 | D:6      | Found a radiant altar of Vehumet.
  7913 | D:6      | Became a worshipper of Vehumet
  8336 | D:7      | Reached skill level 10 in Spellcasting
  8674 | D:7      | Found a stormy altar of Qazlal.
  8717 | D:7      | Found a basalt altar of Yredelemnul.
  9098 | D:7      | Found a white marble altar of Elyvilon.
  9675 | D:7      | Found a staircase to the Ecumenical Temple.
  9878 | D:8      | Reached XP level 10. HP: 50/50 MP: 19/26
 10156 | D:8      | Noticed a two-headed ogre
 10159 | D:8      | Reached * piety under Vehumet
 10159 | D:8      | Offered knowledge of Shock by Vehumet.
 10163 | D:8      | Killed a two-headed ogre
 11032 | D:9      | Reached skill level 10 in Conjurations
 11163 | D:9      | Found a sparkling altar of Nemelex Xobeh.
 11363 | D:9      | Noticed Erica
 11369 | D:9      | Killed Erica
 11759 | D:9      | Found a staircase to the Lair.
 11880 | D:9      | Found a shimmering blue altar of Sif Muna.
 12181 | D:10     | Entered Level 10 of the Dungeon
 12196 | D:10     | You fall into a shaft and drop 3 floors!
 12196 | D:13     | Noticed a catoblepas
 12196 | D:13     | Found an iron altar of Okawaru.
 12204 | D:13     | Noticed a cyclops
 12404 | D:13     | Noticed a purple ugly thing
 12404 | D:13     | Noticed a red ugly thing
 12410 | D:13     | Killed a cyclops
 12411 | D:13     | Reached XP level 11. HP: 54/54 MP: 13/29
 12411 | D:13     | Killed a red ugly thing
 12416 | D:13     | Killed a purple ugly thing
 12611 | D:13     | Noticed a cyan ugly thing
 12619 | D:13     | Killed a cyan ugly thing
 12784 | D:13     | Noticed a centaur warrior
 12790 | D:13     | Killed a centaur warrior
 12889 | D:13     | Killed a catoblepas
 13304 | D:12     | Reached ** piety under Vehumet
 13304 | D:12     | Offered knowledge of Scorch by Vehumet.
 13314 | D:12     | Noticed Azrael
 13440 | D:12     | Noticed a deep elf pyromancer
 13475 | D:11     | Noticed a catoblepas
 13494 | D:11     | Slain by a catoblepas

Illustrated notes

Levels and vault maps discovered:
D:1:      dpeg_arrival_ratfight, layout_basic,
          ebering_ecumenical_altar_abandoned, lexackson_kobold_supper
D:2:      layout_basic
D:3:      layout_loops_ring, uniq_terence
D:4:      layout_loops_ring, pdpol_temple_overflow_zin_treasury_gozag_greed,
          kiku_gazebo_garden_becter, serial_shops, nicolae_square_shop, shop,
          nicolae_shop_statue_plus, nicolae_shop_crystal,
          minmay_misc_feat_plants, uniq_pikel
D:5:      layout_gridville, mainiacjoe_overflow_paths,
          nicolae_overflow_hidden_temple, uniq_grinder, uniq_edmund,
          uniq_eustachio
D:6:      layout_basic, grunt_temple_overflow_lords_of_destruction,
          wad_floor_pattern_untrapped
D:7:      layout_loops_corners, nicolae_qazlal_general_emergency,
          elyvilon_altar_3, yredelemnul_altar_generic,
          minmay_temple_entry_enclosed_plants
D:8:      layout_loops_ring
D:9:      layout_irregular_city, kennysheep_mini_moat,
          mainiacjoe_overflow_boulevard, dpeg_oklobed_lair,
          minmay_gold_behind_fungi, evilmike_butchery, uniq_erica
D:10:     layout_basic, kennysheep_orc_monster_closet_entryway,
          corexii_checkpoint_b, minmay_misc_feat_diagonals,
          small_chamber_with_monster
D:11:     layout_basic
D:12:     minmay_cornered_nines, layout_long_grid, uniq_nergalle,
          uniq_josephine, uniq_azrael
D:13:     layout_basic, okawaru_ov_weapons_minmay

Skill      XL: |  1  2  3  4  5  6  7  8  9 10 11 |
---------------+----------------------------------+-----
Spellcasting   | 4 5 6 7 9 10 12 14 | 14.0
Conjurations   | 5 6 7 9 10 12 | 12.0
Hexes          | 1 5 6 9 11 13 14 | 14.6
Translocations | 2 3 |  3.0
Dodging        | |  2.4
Stealth        | |  2.4

Action                   |  1- 3 |  4- 6 |  7- 9 | 10-12 || total
-------------------------+-------+-------+-------+-------++-------
 Cast: Magic Dart        |    94 |    58 |    86 |    43 ||   281
       Searing Ray       |     3 |    12 |    32 |    19 ||    66
       Fulminant Prism   |       |     4 |    33 |    74 ||   111
       Iskenderun's Myst |       |     3 |    13 |    17 ||    33
  Use: Scroll            |       |       |    12 |     1 ||    13
Armor: Robe              |     2 |     4 |    14 |     1 ||    21
Dodge: Dodged            |     6 |    13 |    34 |    25 ||    78

Table legend: (Time is in decaauts)
 A = Elapsed time spent in this place.
 B = Non-inter-level travel time spent in this place.
 C = Inter-level travel time spent in this place.
 D = Time resting spent in this place.
 E = Time spent auto-exploring this place.
 F = Levels seen in this place.
 G = Mean time per level.
                   A        B        C        D        E       F      G
               +--------+--------+--------+--------+--------+-----+--------+
         Total |  13519 |  13246 |    273 |   2575 |   8880 |  13 | 1039.9 |
       Dungeon |  13519 |  13246 |    273 |   2575 |   8880 |  13 | 1039.9 |
               +--------+--------+--------+--------+--------+-----+--------+

Top non-repeatable levels by time:
     D:4: 1840 daAuts
     D:6: 1495 daAuts
     D:7: 1482 daAuts
     D:3: 1435 daAuts
     D:1: 1362 daAuts
     D:5: 1254 daAuts
     D:8: 1219 daAuts
    D:13: 1189 daAuts
     D:2: 1148 daAuts
     D:9: 966 daAuts
    D:12: 63 daAuts
    D:11: 46 daAuts
    D:10: 14 daAuts
